2693 views
Uploaded 2021-01-02 18:53:26
Game version 1.32.9
23:44 long 1on1 ladder game on (2)ConcealedHill
Saved by xzz
2693 views
Uploaded 2021-01-02 18:53:26
Game version 1.32.9
23:44 long 1on1 ladder game on (2)ConcealedHill

34 units @ 4k
/ 0.8k
65 buildings @ 3.6k
/ 2.1k

| Lesser Clarity Potion | 7 | 490 |
| Scroll of Regeneration | 7 | 700 |
| Mechanical Critter | 1 | 50 |
| Potion of Healing | 3 | 450 |
| Potion of Mana | 4 | 800 |
| Boots of Speed | 1 | 250 |
| Staff of Teleportation | 1 | 150 |
| Potion of Invisibility | 5 | 500 |
| Potion of Lesser Invulnerability | 3 | 450 |
| total: | 32 | 3840g |
| Peasant | 19 | 1425 | / | 0 |
| Footman | 3 | 405 | / | 0 |
| Flying Machine | 3 | 300 | / | 90 |
| Mortar Team | 5 | 900 | / | 350 |
| Goblin Shredder | 1 | 375 | / | 100 |
| Goblin Sapper | 3 | 645 | / | 300 |
| total: | 34 | 4050g | / | 840w |
| Scout Tower | 49 | 1470 | / | 980 |
| Arcane Tower | 9 | 630 | / | 450 |
| Guard Tower | 8 | 560 | / | 400 |
| Altar of Kings | 1 | 180 | / | 50 |
| Farm | 6 | 480 | / | 120 |
| Barracks | 1 | 160 | / | 60 |
| Lumber Mill | 1 | 120 | / | 0 |
| Arcane Vault | 1 | 130 | / | 30 |
| Blacksmith | 1 | 140 | / | 60 |
| Town Hall | 1 | 385 | / | 205 |
| Cannon Tower | 2 | 240 | / | 200 |
| Workshop | 4 | 560 | / | 560 |
| Keep | 1 | 320 | / | 210 |
| Castle | 1 | 360 | / | 210 |
| total: | 65 | 3625g | / | 2065w |
| 0:06 | Peasant |
| 0:07 | Peasant |
| 0:11 | Altar of Kings |
| 0:14 | Farm |
| 0:37 | Scout Tower |
| 0:42 | Farm |
| 0:44 | Peasant |
| 0:56 | Barracks |
| 1:03 | Peasant |
| 1:10 | Peasant |
| 1:20 | Peasant |
| 1:40 | Scout Tower |
| 1:42 | Peasant |
| 1:55 | Peasant |
| 2:08 | Arcane Tower |
| 2:09 | Footman |
| 2:14 | Farm |
| 2:18 | Flame Strike |
| 2:23 | Lumber Mill |
| 2:31 | Footman |
| 2:40 | Peasant |
| 2:46 | Arcane Vault |
| 3:26 | Arcane Tower |
| 3:30 | Scout Tower |
| 3:35 | Scout Tower |
| 3:36 | Footman |
| 3:37 | Peasant |
| 3:38 | Peasant |
| 3:56 | Lesser Clarity Potion |
| 3:56 | Scroll of Regeneration |
| 4:01 | Arcane Tower |
| 4:02 | Guard Tower |
| 4:17 | Lesser Clarity Potion |
| 4:19 | Mechanical Critter |
| 4:26 | Peasant |
| 4:43 | Boots of Speed |
| 4:52 | Staff of Teleportation |
| 5:04 | Peasant |
| 5:59 | Keep |
| 6:15 | Scroll of Regeneration |
| 6:16 | Lesser Clarity Potion |
| 6:46 | Siphon Mana |
| 7:08 | Scout Tower |
| 7:09 | Scout Tower |
| 7:09 | Scout Tower |
| 7:10 | Scout Tower |
| 7:12 | Scout Tower |
| 7:24 | Blacksmith |
| 7:32 | Scout Tower |
| 7:34 | Scout Tower |
| 7:38 | Town Hall |
| 7:42 | Guard Tower |
| 7:44 | Arcane Tower |
| 7:46 | Arcane Tower |
| 7:49 | Scout Tower |
| 7:50 | Scout Tower |
| 7:51 | Scout Tower |
| 7:51 | Scout Tower |
| 8:10 | Farm |
| 8:17 | Scout Tower |
| 8:19 | Scout Tower |
| 8:20 | Scout Tower |
| 8:24 | Peasant |
| 8:29 | Guard Tower |
| 8:39 | Workshop |
| 8:57 | Potion of Invisibility |
| 9:06 | Potion of Lesser Invulnerability |
| 9:12 | Guard Tower |
| 9:18 | Flying Machine |
| 9:31 | Potion of Invisibility |
| 10:27 | Mortar Team |
| 10:33 | Scroll of Regeneration |
| 10:33 | Lesser Clarity Potion |
| 10:38 | Peasant |
| 10:39 | Peasant |
| 10:47 | Scroll of Regeneration |
| 10:52 | Workshop |
| 11:04 | Goblin Shredder |
| 11:39 | Improved Masonry |
| 11:40 | Mortar Team |
| 12:10 | Flame Strike |
| 12:40 | Mortar Team |
| 12:44 | Scout Tower |
| 13:04 | Potion of Healing |
| 13:04 | Potion of Mana |
| 13:09 | Siphon Mana |
| 13:41 | Scroll of Regeneration |
| 13:42 | Peasant |
| 13:42 | Peasant |
| 13:45 | Lesser Clarity Potion |
| 13:48 | Potion of Mana |
| 13:57 | Guard Tower |
| 13:59 | Peasant |
| 14:10 | Scout Tower |
| 14:12 | Scout Tower |
| 14:13 | Scout Tower |
| 14:13 | Scout Tower |
| 14:14 | Scout Tower |
| 14:15 | Scout Tower |
| 14:17 | Scout Tower |
| 14:18 | Scout Tower |
| 14:23 | Potion of Lesser Invulnerability |
| 14:28 | Potion of Invisibility |
| 14:40 | Mortar Team |
| 15:21 | Potion of Healing |
| 15:37 | Potion of Healing |
| 15:37 | Potion of Mana |
| 15:41 | Scroll of Regeneration |
| 15:43 | Lesser Clarity Potion |
| 16:03 | Flame Strike |
| 16:24 | Scout Tower |
| 16:24 | Scout Tower |
| 16:25 | Scout Tower |
| 16:34 | Scout Tower |
| 16:39 | Scout Tower |
| 16:40 | Scout Tower |
| 16:41 | Scout Tower |
| 16:42 | Scout Tower |
| 16:43 | Scout Tower |
| 16:43 | Scout Tower |
| 16:44 | Scout Tower |
| 16:44 | Scout Tower |
| 16:45 | Scout Tower |
| 16:46 | Scout Tower |
| 16:47 | Scout Tower |
| 16:50 | Mortar Team |
| 16:56 | Guard Tower |
| 17:18 | Arcane Tower |
| 17:20 | Advanced Masonry |
| 17:23 | Potion of Invisibility |
| 17:24 | Potion of Lesser Invulnerability |
| 17:35 | Scout Tower |
| 17:35 | Scout Tower |
| 17:35 | Scout Tower |
| 17:36 | Scout Tower |
| 17:37 | Scout Tower |
| 17:38 | Scout Tower |
| 17:38 | Scout Tower |
| 18:32 | Arcane Tower |
| 18:34 | Cannon Tower |
| 18:37 | Arcane Tower |
| 18:38 | Guard Tower |
| 18:48 | Arcane Tower |
| 18:49 | Guard Tower |
| 18:54 | Cannon Tower |
| 18:58 | Scroll of Regeneration |
| 19:01 | Lesser Clarity Potion |
| 19:09 | Potion of Mana |
| 19:29 | Potion of Invisibility |
| 19:46 | Farm |
| 19:47 | Farm |
| 19:58 | Goblin Sapper |
| 19:59 | Goblin Sapper |
| 19:59 | Goblin Sapper |
| 21:44 | Flak Cannons |
| 21:44 | Flying Machine |
| 21:48 | Workshop |
| 21:50 | Workshop |
| 21:53 | Castle |
| 23:36 | Flying Machine |
| Right click | 825 |
| Select | 339 |
| Build/train/purchase | 135 |
| Select group | 42 |
| Use ability | 36 |
| Assign group | 7 |
| Chat | 5 |
| Esc | 3 |
| Misc. action | 2 |
| Item give/drop | 2 |
33 units @ 4.1k
/ 0.6k
11 buildings @ 1.8k
/ 0.6k

| Lesser Clarity Potion | 4 | 280 |
| Healing Salve | 3 | 300 |
| Scroll of Speed | 1 | 50 |
| Scroll of Town Portal | 1 | 350 |
| total: | 9 | 980g |
| Peon | 16 | 1200 | / | 0 |
| Troll Headhunter | 10 | 1400 | / | 200 |
| Demolisher | 3 | 660 | / | 150 |
| Kodo Beast | 2 | 510 | / | 120 |
| Raider | 2 | 360 | / | 80 |
| total: | 33 | 4130g | / | 550w |
| Altar of Storms | 1 | 180 | / | 50 |
| Orc Burrow | 5 | 800 | / | 200 |
| Barracks | 1 | 180 | / | 50 |
| War Mill | 1 | 205 | / | 0 |
| Voodoo Lounge | 1 | 130 | / | 30 |
| Spirit Lodge | 1 | 150 | / | 150 |
| Beastiary | 1 | 145 | / | 140 |
| Stronghold | 1 | 315 | / | 190 |
| total: | 11 | 1790g | / | 620w |
| 0:07 | Altar of Storms |
| 0:10 | Peon |
| 0:11 | Peon |
| 0:15 | Orc Burrow |
| 0:40 | Peon |
| 1:00 | Peon |
| 1:04 | Barracks |
| 1:35 | Peon |
| 1:35 | Peon |
| 1:35 | Peon |
| 1:45 | War Mill |
| 2:12 | Voodoo Lounge |
| 2:39 | Orc Burrow |
| 2:47 | Wind Walk |
| 3:24 | Peon |
| 3:24 | Peon |
| 3:25 | Peon |
| 3:25 | Peon |
| 3:48 | Troll Headhunter |
| 3:48 | Troll Headhunter |
| 3:59 | Orc Burrow |
| 4:22 | Orc Burrow |
| 4:42 | Lesser Clarity Potion |
| 4:50 | Troll Headhunter |
| 5:14 | Troll Headhunter |
| 6:07 | Peon |
| 6:21 | Troll Headhunter |
| 6:52 | Critical Strike |
| 7:07 | Stronghold |
| 7:11 | Troll Headhunter |
| 7:12 | Troll Headhunter |
| 7:30 | Troll Headhunter |
| 7:35 | Spiked Barricades |
| 7:39 | Healing Salve |
| 7:40 | Lesser Clarity Potion |
| 8:30 | Troll Headhunter |
| 8:31 | Troll Headhunter |
| 8:56 | Critical Strike |
| 9:23 | Steel Ranged Weapons |
| 9:30 | Healing Salve |
| 9:41 | Lesser Clarity Potion |
| 9:46 | Troll Regeneration |
| 9:53 | Spirit Lodge |
| 10:32 | Demolisher |
| 10:33 | Demolisher |
| 10:46 | Beastiary |
| 10:50 | Pillage |
| 11:00 | Demolisher |
| 11:21 | Orc Burrow |
| 12:52 | Wind Walk |
| 13:26 | Peon |
| 13:27 | Peon |
| 13:27 | Peon |
| 13:27 | Peon |
| 13:33 | Healing Salve |
| 13:34 | Lesser Clarity Potion |
| 13:34 | Scroll of Town Portal |
| 13:35 | Scroll of Speed |
| 15:19 | Kodo Beast |
| 15:20 | Kodo Beast |
| 15:22 | Raider |
| 15:22 | Raider |
| 15:23 | Ensnare |
| Right click | 256 |
| Select | 215 |
| Build/train/purchase | 67 |
| Misc. action | 63 |
| Use ability | 10 |
| Assign group | 8 |
| Chat | 4 |
| Item give/drop | 2 |
| Remove unit | 1 |